 Dungeon Crawl Stone Soup version 0.27-a0-1036-g8e1b44f6bd (webtiles) character file.

Game seed: 8685203039120903251

2304 voltaire321 the Covert (level 9, -5/61 (62) HPs)
             Began as an Octopode Delver on Apr 18, 2021.
             Slain by a two-headed ogre
             ... wielding a +0 giant club
              (15 damage)
             ... on level 7 of the Dungeon.
             The game lasted 00:33:16 (10398 turns).

voltaire321 the Covert (Octopode Delver)           Turns: 10398, Time: 00:33:17

HP:   -5/61 (62)    AC:  4    Str: 17    XL:     9   Next: 40%
MP:   13/13         EV: 14    Int: 16    God:
Gold: 122           SH:  7    Dex: 13    Spells: 10/13 levels left

rFire    . . .     SeeInvis .   F - +0 short sword (elec)
rCold    . . .     Faith    .   z - +3 buckler {AC+3}
rNeg     . . .     Spirit   .   (helmet restricted)
rPois    +         Reflect  .   (no amulet)
rElec    .         Harm     .   v - ring of poison resistance
rCorr    .         Rampage  .   B - +6 ring of strength
Will     .....                  (no ring)
Stlth    +++++.....             (no ring)
HPRegen  0.20/turn              (no ring)
MPRegen  0.13/turn              (no ring)
                                (no ring)
                                (no ring)

@: lightly drained
A: almost no armour, amphibious, 8 rings, camouflage 1, gelatinous body 1,
(nimble swimmer 1), tentacles
a: no special abilities


You were on level 7 of the Dungeon.
You visited 2 branches of the dungeon, and saw 9 of its levels.
You also visited: Sewer.

You collected 362 gold pieces.
You spent 240 gold pieces at shops.

Inventory:

Hand Weapons
 a - a +2 dagger of venom
 b - a +0 hand crossbow of freezing
 F - a +0 short sword of electrocution (weapon)
Missiles
 g - 18 poisoned darts (quivered)
 m - 4 throwing nets
 o - 52 bolts
Armour
 z - a +3 buckler of protection (worn)
Jewellery
 v - a ring of poison resistance (left tentacle)
 B - a +6 ring of strength (right tentacle)
Wands
 f - a wand of digging (3)
 x - a wand of acid (11)
 A - a wand of iceblast (10)
Scrolls
 c - 2 scrolls of identify
 d - a scroll of fear
 j - 3 scrolls of magic mapping
 l - a scroll of immolation
 n - 5 scrolls of fog
 r - a scroll of enchant armour
 y - 3 scrolls of amnesia
 G - a scroll of blinking {unknown}
Potions
 e - 2 potions of haste
 h - a potion of might
 i - 3 potions of heal wounds
 k - 3 potions of flight {unknown}
 p - a potion of attraction {unknown}
 q - a potion of degeneration {unknown}
 s - a potion of cancellation {unknown}
 t - 2 potions of magic {unknown}
 u - 2 potions of curing
 w - a potion of brilliance {unknown}
 C - 3 potions of mutation {unknown}
 D - a potion of lignification
 E - a potion of ambrosia {unknown}


   Skills:
 + Level 5.8 Fighting
 + Level 5.3 Short Blades
 + Level 3.6 Crossbows
 - Level 2.0 Throwing
 + Level 5.2 Dodging
 + Level 9.9 Stealth
 + Level 1.7 Shields
 + Level 2.9 Spellcasting
 + Level 3.1 Summonings


You had 10 spell levels left.
You knew the following spells:

 Your Spells              Type           Power      Damage    Failure   Level
a - Call Canine Familiar  Summ           12%        N/A       21%         3

Your spell library contained the following spells:

 Spells                   Type           Power      Damage    Failure   Level
 Summon Small Mammal      Summ           48%        N/A       7%          1
 Call Imp                 Summ           12%        N/A       11%         2
 Beastly Appendage        Tmut           4%         N/A       26%         1
 Wereblood                Tmut           2%         N/A       36%         2
 Summon Guardian Golem    Hex/Summ       7%         N/A       36%         3
 Spider Form              Tmut/Pois      1%         N/A       58%         3
 Summon Ice Beast         Ice/Summ       7%         N/A       78%         4
 Summon Lightning Spire   Summ/Air       7%         N/A       78%         4
 Ice Form                 Ice/Tmut       2%         N/A       94%         4
 Hydra Form               Tmut           1%         N/A       100%        5


Dungeon Overview and Level Annotations

Branches:
Dungeon (8/15)             Temple (1/1) D:4           Sewer (visited)
   Lair: D:8-11

Altars:
Ashenzari
Cheibriados
Dithmenos
Elyvilon
Gozag
Hepliaklqana
Kikubaaqudgha
Makhleb
Nemelex Xobeh
Okawaru
Qazlal
Ru
Sif Muna
Uskayaw
Wu Jian
Xom
Zin
The Shining One
Jiyva

Shops:
D:2 [


Innate Abilities, Weirdness & Mutations

You cannot wear most types of armour.
You are amphibious.
You can wear up to eight rings at the same time.
Your skin changes colour to match your surroundings (Stealth+).
Your rubbery body absorbs attacks. (AC +1, EV +1)
((You are camouflaged near water. (Stealth+)))
You have tentacles for arms and can constrict up to eight enemies at once.


Message History

You block the wight's attack.
The two-headed ogre shouts in stereo!
You hit the wight but do no damage. Your grab misses the wight.
You squeeze the wight, but do no damage.
The wight completely misses you.
You closely miss the wight. Your grab misses the wight.
The wight hits you with a +0 dagger.
You closely miss the wight. Your grab misses the wight.
The wight closely misses you.
You barely miss the wight. Your grab misses the wight.
Your squeeze misses the wight. You hit the wight but do no damage.
Your grab misses the wight.
You squeeze the wight, but do no damage.
The wight misses you. The wight hits you with a +0 dagger.
* * * LOW HITPOINT WARNING * * *
You feel drained.
* * * LOW HITPOINT WARNING * * *
There is an open door here.
The wight misses you.
Your +2 dagger of venom stops dripping with poison.
You hear the crackle of electricity.
F - a +0 short sword of electrocution (weapon)
You barely miss the wight. Your grab misses the wight.
You block the wight's attack.
You completely miss the wight. You grab the wight.
You squeeze the wight, but do no damage.
You constrict the wight. The wight hits you but does no damage.
You hit the wight. Lightning courses through the wight!
You destroy the wight!
You barely miss the wight. You grab the wight. Your squeeze misses the wight.
You constrict the wight. You hit the wight.
Lightning courses through the wight! You squeeze the wight.
You destroy the wight!
You hit the two-headed ogre. You squeeze the two-headed ogre!
The two-headed ogre is moderately wounded.
The two-headed ogre hits you with a +0 giant club!
* * * LOW HITPOINT WARNING * * *
The two-headed ogre hits you with a +0 dire flail!
You die...

###### #....# #####
#.##.# ...^# #.##.# ....#
#.##.# ....# #.##.#
....####### #@##.#
....##....# #O##.#
[...'O..#.# #.##.#
....##..#.######.##.#####
[...##..#..O.z...##...[.#
)###..........#########.#
...+.>..[.....# #.#
####..........# #.#
#..........# #.#


You could see a two-headed ogre.

Vanquished Creatures
  Edmund (D:4)
  A water moccasin (D:7)
  2 necrophages
  2 ogres
  A centaur (D:6)
  5 kobold brigands
  A bullfrog (D:6)
  2 scorpions
  A wyvern zombie (D:6)
  A water moccasin zombie (D:5)
  A wyvern skeleton (D:7)
  A water moccasin skeleton (D:5)
  2 wights (D:7)
  2 bullfrog skeletons
  A bullfrog zombie (D:5)
  A jelly (D:6)
  3 orc priests (D:7)
  A centaur skeleton (D:6)
  2 hounds
  4 iguanas
  Jessica (D:2)
  2 orc wizards (D:7)
  A scorpion zombie (D:5)
  A howler monkey zombie (D:7)
  8 gnolls (D:5)
  7 adders
  A river rat (Sewer)
  An ufetubus (D:5)
  8 worms
  The ghost of Splishie the Insei, a weakling GnTm (D:3)
  3 dart slugs
  14 orcs
  15 ball pythons
  3 bats
  A bat zombie (D:4)
  8 endoplasms
  7 giant cockroaches
  4 goblins
  2 hobgoblins
  11 jackals
  31 kobolds
  5 quokkas
  3 frilled lizards
  7 rats
  A rat zombie (D:4)
181 creatures vanquished.

Vanquished Creatures (others)
  An orc wizard (D:7)
  A kobold (D:3)
  2 fungi (D:3)
  17 plants
21 creatures vanquished.

Grand Total: 202 creatures vanquished

Notes
Turn   | Place    | Note
-------+----------+-------------------------------------------
     0 | D:5      | voltaire321 the Octopode Delver began the quest for the
                  | Orb.
     0 | D:5      | Reached XP level 1. HP: 16/16 MP: 1/1
    93 | D:5      | Found a glowing drain.
   104 | D:5      | Reached skill level 7 in Stealth
   104 | D:5      | Reached XP level 2. HP: 19/21 MP: 2/2
   119 | Sewer    | Entered a sewer
   272 | Sewer    | Noticed a kobold brigand
   291 | Sewer    | Killed a kobold brigand
   292 | Sewer    | Reached XP level 3. HP: 17/26 MP: 3/3
   292 | Sewer    | Reached XP level 4. HP: 20/31 MP: 4/4
   633 | Sewer    | Noticed a kobold brigand
   641 | Sewer    | Killed a kobold brigand
   642 | Sewer    | Reached skill level 1 in Throwing
   642 | Sewer    | Reached XP level 5. HP: 37/37 MP: 5/5
   711 | Sewer    | Noticed a kobold brigand
   724 | Sewer    | Killed a kobold brigand
   725 | Sewer    | Reached skill level 8 in Stealth
   725 | Sewer    | Reached XP level 6. HP: 22/43 MP: 6/6
  1533 | D:4      | Noticed Edmund
  1694 | D:4      | Found a white marble altar of Elyvilon.
  2353 | D:4      | Found a glowing silver altar of Zin.
  2408 | D:4      | Noticed a necrophage
  2414 | D:4      | Killed a necrophage
  2415 | D:4      | Reached XP level 7. HP: 49/49 MP: 7/7
  2499 | D:3      | Found an opulent altar of Gozag.
  3001 | D:2      | Found Finuzos's Antique Armour Boutique.
  3258 | D:1      | You fall into a shaft and drop 1 floor!
  3343 | D:1      | Reached skill level 1 in Crossbows
  3773 | D:1      | Found a faded altar of an unknown god.
  4377 | D:2      | Noticed Jessica
  4379 | D:2      | Killed Jessica
  4719 | D:3      | Found a shadowy altar of Dithmenos.
  4904 | D:3      | Found a stormy altar of Qazlal.
  4984 | D:3      | Found a runed translucent gate.
  4984 | D:3      | Found a runed translucent gate.
  4984 | D:3      | Found a runed translucent gate.
  4989 | D:3      | Noticed Splishie's ghost (weakling GnTm)
  5073 | D:3      | Killed Splishie's ghost
  5418 | D:3      | Learned a level 3 spell: Call Canine Familiar
  5830 | D:4      | Killed Edmund
  6078 | D:4      | Found a staircase to the Ecumenical Temple.
  6093 | Temple   | Entered the Ecumenical Temple
  6384 | D:4      | Found an ancient bone altar of Kikubaaqudgha.
  6543 | D:5      | Reached skill level 1 in Spellcasting
  6543 | D:5      | Reached XP level 8. HP: 54/54 MP: 9/9
  6604 | D:5      | Reached skill level 9 in Stealth
  6604 | D:5      | Reached skill level 1 in Summonings
  6681 | D:5      | Found a shimmering altar of Xom.
  6683 | D:5      | Found a basalt altar of Yredelemnul.
  6683 | D:5      | Found a burning altar of Makhleb.
  6685 | D:5      | Found an ornate altar of the Wu Jian Council.
  6685 | D:5      | Found a hide-covered altar of Uskayaw.
  6685 | D:5      | Found an ornate altar of the Wu Jian Council.
  7048 | D:5      | Reached skill level 5 in Fighting
  7977 | D:6      | Found a sacrificial altar of Ru.
  8053 | D:6      | Found an iron altar of Okawaru.
  8444 | D:2      | Bought a shiny buckler for 240 gold pieces
  8935 | D:7      | Reached XP level 9. HP: 61/61 MP: 12/12
  8964 | D:7      | Reached skill level 5 in Short Blades
  9019 | D:7      | Reached skill level 5 in Dodging
  9019 | D:7      | Reached skill level 1 in Shields
  9410 | D:7      | Found a sparkling altar of Nemelex Xobeh.
  9483 | D:7      | Found a shimmering blue altar of Sif Muna.
 10303 | D:8      | Noticed a two-headed ogre
 10398 | D:7      | Slain by a two-headed ogre

Illustrated notes

Levels and vault maps discovered:
D:1:      dpeg_arrival_tiny_b, layout_loops_ring,
          hellmonk_ecumenical_altar_zigzags, grunt_decor_clamped
D:2:      layout_basic, serial_shops, nicolae_shop_waterfront,
          minmay_fractal_squares_gapless_5, uniq_jessica
D:3:      layout_loops_ring, nicolae_dithmenos_the_darkroom,
          nicolae_overflow_hidden_temple, nicolae_qazlal_eye_of_the_storm,
          gammafunk_ghost_nasty_kobolds
D:4:      layout_loops_ring, kennysheep_little_box,
          lemuel_zombie_altar_kikubaaqudgha, general_overflow_altar,
          temple_hall, lexackson_kobold_supper, uniq_edmund
D:5:      layout_loops_corners, doesnt_xom_only_xom, gup_sewer_entry_pipe,
          uniq_eustachio
D:6:      layout_cave_pools, nicolae_ru_awakened_eye, okawaru_trees_2
D:7:      layout_basic, lemuel_crystal_altar, nemelex_spade_bored_becter
D:8:      layout_basic, erik_lair_orcish_takeover, the_bakery
Temple:   pf_slime_end_temple

Skill      XL: |  1  2  3  4  5  6  7  8  9 |
---------------+----------------------------+-----
Stealth        | 7 8 9 |  9.9
Short Blades   | 3 4 5 |  5.3
Throwing       | 1 2 |  2.0
Dodging        | 3 4 5 |  5.2
Fighting       | 4 5 |  5.8
Crossbows      | 2 3 |  3.6
Spellcasting   | 1 2 |  2.9
Summonings     | 2 3 |  3.1
Shields        | 1 |  1.7

Action                   |  1- 3 |  4- 6 |  7- 9 || total
-------------------------+-------+-------+-------++-------
Melee: Short sword       |    29 |    88 |   100 ||   217
       Tentacles         |     5 |    19 |    46 ||    70
       Constrict         |     5 |    21 |    51 ||    77
       Dagger            |       |     1 |   125 ||   126
       Hand crossbow     |       |       |     2 ||     2
 Fire: Hand crossbow     |       |     7 |   141 ||   148
Throw: Dart              |       |       |    10 ||    10
  Use: Scroll            |     1 |       |    11 ||    12
 Stab: Sleeping          |     4 |    16 |     8 ||    28
       Distracted        |       |     1 |     1 ||     2
Armor: Skin              |     1 |     1 |     9 ||    11
Dodge: Dodged            |    11 |    37 |   112 ||   160
Block: Buckler           |       |       |    12 ||    12

Table legend: (Time is in decaauts)
 A = Elapsed time spent in this place.
 B = Non-inter-level travel time spent in this place.
 C = Inter-level travel time spent in this place.
 D = Time resting spent in this place.
 E = Time spent auto-exploring this place.
 F = Levels seen in this place.
 G = Mean time per level.
                   A        B        C        D        E       F      G
               +--------+--------+--------+--------+--------+-----+--------+
         Total |  10364 |   9783 |    581 |   2295 |   5249 |  10 | 1036.4 |
       Dungeon |   8875 |   8294 |    581 |   1747 |   4652 |   8 | 1109.4 |
        Temple |    134 |    134 |      0 |      0 |    120 |   1 |  134.0 |
         Sewer |   1353 |   1353 |      0 |    548 |    477 |   1 | 1353.0 |
               +--------+--------+--------+--------+--------+-----+--------+

Top non-repeatable levels by time:
     D:4: 1794 daAuts
     D:5: 1593 daAuts
     D:7: 1460 daAuts
   Sewer: 1353 daAuts
     D:3: 1260 daAuts
     D:2: 1105 daAuts
     D:6: 841 daAuts
     D:1: 816 daAuts
  Temple: 134 daAuts
     D:8: 3 daAuts
